 Dungeon Crawl Stone Soup version 0.28.0-45-g0d030f2227 (webtiles) character file.

Game seed: 628085441618725820

45 AwesomestEgon the Cudgeller (level 3, 0/30 HPs)
             Began as a Minotaur Gladiator on Mar 30, 2022.
             Was a Believer of Lugonu.
             Succumbed to an adder's poison
             ... on level 3 of the Dungeon.
             The game lasted 00:09:48 (959 turns).

AwesomestEgon the Cudgeller (Minotaur Gladiator)     Turns: 959, Time: 00:09:49

Health: 0/30       AC:  7    Str: 20    XL:     3   Next: 42%
Magic:  2/2        EV: 12    Int:  5    God:    Lugonu [**....]
Gold:   54         SH:  0    Dex: 11    Spells: 2/2 levels left

rFire   . . .      SeeInvis .   a - +0 flail
rCold   . . .      Faith    .   (no shield)
rNeg    . . .      Spirit   .   b - +0 leather armour
rPois   .          Reflect  .   c - +0 hat
rElec   .          Harm     .   (no cloak)
rCorr   .          Rampage  .   (no gloves)
Will    .....                   (no boots)
Stlth   +.........              (no amulet)
HPRegen 0.10/turn               k - +4 ring of protection
MPRegen 0.08/turn               (no ring)

@: brilliant, lethally poisoned (0 -> -3), flying
A: horns 2, retaliatory headbutt
a: Renounce Religion, Depart the Abyss, Bend Space


You were on level 3 of the Dungeon.
You worshipped Lugonu.
Lugonu was pleased with you.
You visited 1 branch of the dungeon, and saw 3 of its levels.

You collected 54 gold pieces.

Inventory:

Hand Weapons
 a - a +0 flail (weapon)
 e - a +2 vampiric dagger
Missiles
 d - 2 throwing nets
 g - 7 stones (quivered)
 h - 23 bolts
 j - 24 sling bullets
Armour
 b - a +0 leather armour (worn)
 c - a +0 hat (worn)
Magical Staves
 f - a staff of earth
Jewellery
 k - a +4 ring of protection (left hand)


   Skills:
 + Level 2.6 Fighting
 + Level 4.7 Maces & Flails
 + Level 2.3 Throwing
 + Level 0.7 Armour
 + Level 3.6 Dodging


You had 2 spell levels left.
You didn't know any spells.
Your spell library contained the following spells:

 Spells                   Type           Power      Damage    Failure   Level
 Sublimation of Blood     Necr           0%         N/A       67%         2
 Wereblood                Tmut           0%         N/A       67%         2
 Summon Hydra             Summ           0%         N/A       100%        7


Dungeon Overview and Level Annotations

Branches:
Dungeon (2/15)

Altars:
Dithmenos
Lugonu


Innate Abilities, Weirdness & Mutations

You have a pair of horns on your head.
You reflexively headbutt those who attack you in melee.


Message History

The orc hits you but does no damage.
You hear some strange, mumbled words.
A puff of flame appears from out of thin air!
The puff of flame hits you.
You miss something. Your headbutt misses something.
The orc hits you but does no damage.
Something hits you but does no damage. x2
You barely miss something. Something hits you.
The orc hits you but does no damage.
You closely miss something. Your headbutt misses something.
Something barely misses you. Something hits you. The orc closely misses you.
You miss something. Something hits you but does no damage. Something hits you.
* * * LOW HITPOINT WARNING * * *
The orc barely misses you.
You miss something. Something hits you but does no damage.
You barely miss the orc. You headbutt the orc!
You kill the orc!
Lugonu accepts your kill.
You barely miss the adder.
You hear some strange, mumbled words.
A magic dart appears from out of thin air!
The magic dart hits you.
* * * LOW HITPOINT WARNING * * *
The adder bites you.
* * * LOW HITPOINT WARNING * * *
Something hits you.
* * * LOW HITPOINT WARNING * * *
The adder bites you but does no damage.
It was a potion of flight.
You feel very buoyant.
You fly up into the air.
Something barely misses you. The adder bites you.
* * * LOW HITPOINT WARNING * * *
You are lethally poisoned!
The adder poisons you!
You feel clever all of a sudden.
* * * LOW HITPOINT WARNING * * *
You feel sick. Something hits you but does no damage.
The adder barely misses you. Something hits you but does no damage.
Okay, then.
You hit something. Your punch misses something.
You die...

###############
#.............######
#.#######...........
#.# #.†######### #.#
##.#.########
...###.###
#.###........
#...)oS{#
##.#.#######.
.......o#@# #..##
###..####.# #..# #..
#.# #..# #. #.# #..#
# #.# ##.# #.# #.#
#.# #.######## #.#
#.........
#.######.########


You could see an adder and an orc.

Vanquished Creatures
  An adder (D:3)
  A dart slug (D:1)
  2 orcs (D:3)
  2 bats
  4 endoplasms (D:1)
  A giant cockroach (D:1)
  4 goblins
  2 hobgoblins
  5 ball pythons (D:1)
  2 frilled lizards
  4 kobolds (D:1)
  2 rats
30 creatures vanquished.

Notes
Turn   | Place    | Note
-------+----------+-------------------------------------------
     0 | D:1      | AwesomestEgon the Minotaur Gladiator began the quest for
                  | the Orb.
     0 | D:1      | Reached XP level 1. HP: 18/18 MP: 0/0
    54 | D:1      | Found a faded altar of an unknown god.
    60 | D:1      | Prayed at the altar of an unknown god.
    60 | D:1      | Became a worshipper of Lugonu the Unformed
    60 | D:1      | Reached * piety under Lugonu
    60 | D:1      | Reached ** piety under Lugonu
    91 | D:1      | Reached skill level 4 in Maces & Flails
    92 | D:1      | Reached XP level 2. HP: 12/25 MP: 1/1
   770 | D:2      | You fall into a shaft and drop 1 floor!
   798 | D:3      | Reached XP level 3. HP: 30/30 MP: 2/2
   820 | D:3      | Found a shadowy altar of Dithmenos.
   959 | D:3      | Succumbed to an adder's poison

Illustrated notes

Levels and vault maps discovered:
D:1:      lemuel_arrival_tunnels, layout_basic,
          nicolae_ecumenical_snake_handling, minmay_misc_feat_room,
          chequers_serial_rivers_micro_a
D:2:      cheibrodos_pilgrimage, layout_loops_ring, minmay_tromino_v4_a
D:3:      layout_loops_ring, nicolae_dithmenos_the_darkroom,
          gup_sewer_entry_spiral

Skill      XL: |  1 |
---------------+----+-----
Maces & Flails | 4 |  4.7
Fighting       | |  2.6
Throwing       | |  2.3
Armour         | |  0.7
Dodging        | |  3.6

Action                   || total
-------------------------++-------
Melee: Flail             ||    57
       Headbutt          ||     7
Throw: Stone             ||     3
       Throwing net      ||     1
  Use: Scroll            ||     3
       Potion            ||     3
Armor: Leather armour    ||    21
Dodge: Dodged            ||    33
